 Dungeon Crawl Stone Soup version 0.25.1-4-g9407a263a5 (webtiles) character file.

Game seed: 17684608686971200559

3306 Mrkan the Basher (level 10, 0/63 HPs)
             Began as a Gargoyle Fighter on Nov 25, 2020.
             Was an Initiate of Gozag.
             Slain by a queen bee (5 damage)
             ... on level 8 of the Dungeon.
             The game lasted 00:13:56 (8581 turns).

Mrkan the Basher (Gargoyle Fighter)                 Turns: 8581, Time: 00:13:56

Health: 0/63       AC: 21    Str: 23    XL:     10   Next: 1%
Magic:  10/10      EV:  6    Int:  9    God:    Gozag
Gold:   765        SH: 11    Dex:  9    Spells: 9/9 levels left

rFire    . . .     SeeInvis .   a - +0 flail
rCold    . . .     Gourm    .   c - +0 kite shield
rNeg     + . .     Faith    .   v - +0 chain mail
rPois    ∞         Spirit   .   q - +2 helmet
rElec    +         Reflect  .   (no cloak)
rCorr    .         Harm     .   (no gloves)
MR       .....                  (no boots)
Stlth    ..........             (no amulet)
HPRegen  0.20/turn              (no ring)
MPRegen  0.12/turn              (no ring)

@: berserk cooldown
A: negative energy resistance 1, electricity resistance, unbreathing,
petrification resistance, rot immunity, AC +7
a: Potion Petition, Call Merchant, Bribe Branch, Renounce Religion


You were on level 8 of the Dungeon.
You worshipped Gozag.
Gozag was pleased with you.
You were very hungry.

You visited 2 branches of the dungeon, and saw 9 of its levels.

You collected 882 gold pieces.
You paid 117 gold pieces to Gozag.

Inventory:

Hand Weapons
 a - a +0 flail (weapon)
 o - a +3 falchion
 w - a +0 vorpal spear
Missiles
 A - 7 poisoned darts (quivered)
Armour
 c - a +0 kite shield (worn)
 q - a +2 helmet (worn)
 v - a +0 chain mail (worn)
Jewellery
 g - an uncursed ring of protection from magic {unknown}
 i - an uncursed amulet of the acrobat {unknown}
 j - an uncursed ring of ice {unknown}
Wands
 y - a wand of flame (6)
Scrolls
 d - 2 scrolls of fear {unknown}
 e - 6 scrolls of remove curse {unknown}
 h - 3 scrolls of amnesia {unknown}
 k - 13 scrolls of identify {unknown}
 p - 4 scrolls of teleportation {unknown}
 r - 3 scrolls of magic mapping {unknown}
 u - 3 scrolls of enchant weapon {unknown}
 x - a scroll of immolation {unknown}
Potions
 b - a potion of lignification {unknown}
 l - 2 potions of degeneration {unknown}
 m - a potion of cancellation
 n - 2 potions of berserk rage
 s - a potion of curing {unknown}
 t - a potion of mutation {unknown}
 z - a potion of flight {unknown}
Comestibles
 f - 7 rations


   Skills:
 + Level 7.5 Fighting
 * Level 9.0 Maces & Flails
 + Level 7.5 Armour
 + Level 7.5 Shields


You had 9 spell levels left.
You didn't know any spells.
Your spell library contained the following spells:

 Spells                   Type           Power        Failure   Level  Hunger
 Confusing Touch          Hex            #.......     100%        3    ####...
 Gell's Gravitas          Tloc           #.........   100%        3    ####...
 Petrify                  Tmut/Erth      #.......     100%        4    #####..
 Metabolic Englaciation   Hex/Ice        #.........   100%        5    ######.
 Yara's Violent Unravell  Hex/Tmut       #.........   100%        5    ######.


Dungeon Overview and Level Annotations

Branches:
Dungeon (8/15)             Temple (1/1) D:5
   Lair: D:8-11

Altars:
Cheibriados
Dithmenos
Elyvilon
Fedhas
Gozag
Hepliaklqana
Kikubaaqudgha
Makhleb
Nemelex Xobeh
Okawaru
Qazlal
Ru
Trog
Uskayaw
Wu Jian
Xom
Yredelemnul
Zin
The Shining One

Shops:
D:7 [

Annotations:
D:6 Prince Ribbit


Innate Abilities, Weirdness & Mutations

You are resistant to torment.
Your stone body is resilient. (AC +7)
You are immune to poison.
You resist negative energy. (rN+)
You are resistant to electric shocks. (rElec)
You can survive without breathing.
You are immune to petrification.
You are immune to rotting.


Message History

Your magical effects are unravelling.
You feel magically purged.
You feel yourself speed up. The queen bee stings you.
* * * LOW HITPOINT WARNING * * *
The queen bee barely misses you.
You closely miss the queen bee.
The queen bee is heavily wounded.
The queen bee barely misses you.
You barely miss the queen bee.
The queen bee is heavily wounded.
You block the queen bee's attack.
You hit the queen bee but do no damage.
The queen bee is heavily wounded.
The queen bee stings you but does no damage.
You closely miss the queen bee.
The queen bee is heavily wounded.
The queen bee stings you.
You die...
Your body crumbles into a pile of gold.

.##.......## #.#........#
#..........# #...).....#
#.........# #........#
#........#
#########.....<..##
#....Hyy@.........#
####.#$#y######..###....#
...y......y# #..##
####..... ...##.#....#
#..# .... ..# #.####..#
#..# ... . #.# #..# #.##
.. #.# ##.# .. . ## .#
#.. .#


You could see a hippogriff, a queen bee and 2 killer bees.

Vanquished Creatures
  A two-headed ogre (D:6)
  A hippogriff (D:7)
  Sigmund (D:5)
  Eustachio (D:5)
  An orc warrior (D:6)
  A sky beast (D:6)
  2 ogres (D:7)
  A phantom (D:5)
  A centaur (D:5)
  2 big kobolds (D:7)
  2 bullfrogs (D:7)
  A wyvern zombie (D:6)
  8 killer bees (D:8)
  5 wights (D:8)
  3 crimson imps
  2 hounds
  2 jellies
  A bullfrog zombie (D:8)
  3 orc priests
  An orc wizard (D:4)
  A centaur skeleton (D:5)
  Jessica (D:2)
  An iguana (D:4)
  7 worker ants
  A hound skeleton (D:4)
  A worker ant zombie (D:6)
  A gnoll (D:6)
  4 adders
  A shadow imp (D:5)
  An ooze (D:3)
  An adder skeleton (D:7)
  5 worms
  2 dart slugs
  6 leopard geckos
  17 orcs
  6 bats
  3 giant cockroaches
  9 goblins
  5 hobgoblins
  5 jackals
  20 kobolds
  2 quokkas
  A ball python (D:3)
  7 frilled lizards
  A leopard gecko skeleton (D:5)
  6 rats
155 creatures vanquished.

Notes
Turn   | Place    | Note
-------+----------+-------------------------------------------
     0 | D:1      | Mrkan the Gargoyle Fighter began the quest for the Orb.
     0 | D:1      | Reached XP level 1. HP: 14/14 MP: 1/1
   179 | D:1      | Reached XP level 2. HP: 18/19 MP: 2/2
  1004 | D:1      | Reached XP level 3. HP: 23/23 MP: 3/3
  1099 | D:2      | Noticed Jessica
  1105 | D:2      | Killed Jessica
  1108 | D:2      | Reached skill level 3 in Maces & Flails
  1133 | D:2      | Reached XP level 4. HP: 26/29 MP: 4/4
  1401 | D:2      | Found a basalt altar of Yredelemnul.
  2136 | D:3      | Reached XP level 5. HP: 33/33 MP: 5/5
  2845 | D:4      | Reached skill level 4 in Maces & Flails
  2983 | D:4      | Reached XP level 6. HP: 25/39 MP: 6/6
  3315 | D:4      | Found a blossoming altar of Fedhas.
  3317 | D:4      | Found a sacrificial altar of Ru.
  3317 | D:4      | Found a hazy altar of Hepliaklqana.
  3319 | D:4      | Found a shimmering altar of Xom.
  3319 | D:4      | Found an iron altar of Okawaru.
  3319 | D:4      | Found an ancient bone altar of Kikubaaqudgha.
  3749 | D:5      | Entered Level 5 of the Dungeon
  3919 | D:5      | Reached XP level 7. HP: 25/44 MP: 7/7
  4080 | D:5      | Found a staircase to the Ecumenical Temple.
  4097 | Temple   | Entered the Ecumenical Temple
  4677 | Temple   | Became a worshipper of Gozag Ym Sagoz the Greedy
  4718 | D:5      | Noticed Eustachio
  4777 | D:5      | Killed Eustachio
  4777 | D:5      | Reached skill level 5 in Fighting
  4777 | D:5      | Reached skill level 5 in Maces & Flails
  4777 | D:5      | Reached skill level 5 in Armour
  4777 | D:5      | Reached skill level 5 in Shields
  5220 | D:5      | Noticed Sigmund
  5261 | D:5      | Killed Sigmund
  5261 | D:5      | Reached XP level 8. HP: 35/50 MP: 8/8
  5487 | D:5      | Reached skill level 6 in Maces & Flails
  5552 | D:5      | Found a glowing golden altar of the Shining One.
  5567 | D:5      | Found a sacrificial altar of Ru.
  5674 | D:6      | Noticed Prince Ribbit
  6061 | D:6      | Found a blossoming altar of Fedhas.
  6164 | D:6      | Noticed a two-headed ogre
  6173 | D:6      | Killed a two-headed ogre
  6173 | D:6      | Reached skill level 7 in Maces & Flails
  6173 | D:6      | Reached XP level 9. HP: 18/56 MP: 9/9
  6636 | D:6      | Found an iron altar of Okawaru.
  7381 | D:7      | Found a glowing silver altar of Zin.
  7720 | D:7      | Reached skill level 8 in Maces & Flails
  7878 | D:7      | Found Ogeidem's Armour Shop.
  8529 | D:8      | Noticed a queen bee
  8555 | D:8      | Reached XP level 10. HP: 32/63 MP: 10/10
  8557 | D:8      | Reached skill level 9 in Maces & Flails
  8581 | D:8      | Slain by a queen bee

Illustrated notes

Levels and vault maps discovered:
D:1:      dpeg_arrival_radiant, layout_basic
D:2:      layout_loops_ring, grunt_decor_arrowhead, yredelemnul_altar_generic,
          uniq_jessica
D:3:      layout_loops_ring, first_ration, grunt_ministairs_8
D:4:      layout_basic, doesnt_xom_only_xom
D:5:      layout_loops_ring, amethyst_overflow_temple_binary,
          minmay_temple_entry_grid, lightli_corner_chamber, uniq_eustachio,
          uniq_sigmund
D:6:      layout_gridville, fedhas_ov_isle_minmay, okawaru_altar_gauntlet_db,
          uniq_prince_ribbit1
D:7:      layout_loops_ring, zin_scriptorium, kennysheep_windowed_goal
D:8:      layout_cave_pods, grunt_temple_overflow_magic_moments,
          nicolae_ashenzari_panopticon, due_lair_maze_entry_diamond,
          david_nohive_1, kennysheep_generic_room_13, uniq_psyche
Temple:   minmay_temple_bridge_abc

Skill      XL: |  1  2  3  4  5  6  7  8  9 10 |
---------------+-------------------------------+-----
Maces & Flails | 3 4 5 7 8 9 |  9.0
Armour         | 4 5 6 7 |  7.5
Shields        | 4 5 6 7 |  7.5
Fighting       | 4 5 6 7 |  7.5

Action                   |  1- 3 |  4- 6 |  7- 9 | 10-12 || total
-------------------------+-------+-------+-------+-------++-------
Melee: Flail             |   111 |   227 |   518 |    25 ||   881
  Use: Potion            |       |     1 |     3 |     1 ||     5
 Stab: Distracted        |       |       |     1 |       ||     1
  Eat: Chunk             |     1 |     9 |     1 |       ||    11
       Ration            |       |       |     4 |       ||     4
Armor: Scale mail        |    66 |   117 |    50 |       ||   233
       Chain mail        |       |       |   258 |    13 ||   271
Dodge: Dodged            |    48 |    57 |   129 |     6 ||   240
Block: Kite shield       |    57 |   108 |   266 |    12 ||   443
